 Dungeon Crawl Stone Soup version 0.20.1-1-g8b1a95d (webtiles) character file.

53 mrsandman326 the Grave Robber (level 4, -6/30 HPs)
             Began as a Human Necromancer on Aug 10, 2017.
             Mangled by a gnoll
             ... wielding a +0 spear
              (7 damage)
             ... on level 3 of the Dungeon.
             The game lasted 00:15:10 (2195 turns).

mrsandman326 the Grave Robber (Human Necromancer)   Turns: 2195, Time: 00:15:11

Health: -6/30      AC:  3    Str:  8    XL:     4   Next: 11%
Magic:  3/8        EV: 12    Int: 16    God:
Gold:   40         SH:  0    Dex: 14    Spells: 3/8 levels left

rFire    . . .     SeeInvis .   (no weapon)
rCold    . . .     Gourm    .   (no shield)
rNeg     . . .     Faith    .   f - +0 leather armour
rPois    .         Spirit   .   (no helmet)
rElec    .         Reflect  .   (no cloak)
rCorr    .         Harm     +   (no gloves)
MR       +....                  (no boots)
Stlth    ++........             c - amulet of harm
Regen    0.1/turn               h - ring of protection from magic
MPRegen  0.2/turn               (no ring)

@: very slightly contaminated
A: no striking features
a: no special abilities


You were on level 3 of the Dungeon.
You were not hungry.

You visited 1 branch of the dungeon, and saw 3 of its levels.

You collected 40 gold pieces.

Inventory:

Armour
 a - a +0 robe
 e - a +0 centaur barding
 f - a +0 leather armour (worn)
Jewellery
 c - an amulet of harm (around neck)
 h - a ring of protection from magic (left hand)
Scrolls
 d - 2 scrolls of remove curse
 i - a scroll of enchant armour {unknown}
Potions
 l - a potion of degeneration {unknown}
Books
 b - a book of Necromancy

   Spells                             Type                      Level
   a - Pain                           Necromancy                   1
   b - Animate Skeleton               Necromancy                   1
   c - Vampiric Draining              Necromancy                   3
   d - Regeneration                   Charms/Necromancy            3
   e - Animate Dead                   Necromancy                   4
   f - Control Undead                 Necromancy                   4
Comestibles
 g - a meat ration
 j - a bread ration
 k - a royal jelly
 m - 2 chunks of flesh


   Skills:
 + Level 0.2 Armour
 + Level 2.0 Dodging
 + Level 2.1 Stealth
 + Level 0.2 Unarmed Combat
 + Level 2.9 Spellcasting
 + Level 4.6 Necromancy


You had 3 spell levels left.
You knew the following spells:

 Your Spells              Type           Power        Failure   Level  Hunger
a - Pain                  Necr           ###.         4%          1    #......
b - Animate Skeleton      Necr           N/A          4%          1    #......
c - Vampiric Draining     Necr           ###.......   12%         3    ###....


Dungeon Overview and Level Annotations

Branches:
Dungeon (3/15)

Altars:


Message History

The gnoll barely misses you.
Casting: Pain
Confirm with . or Enter, or press ? or * to list all spells.
Aiming: Pain
Press: ? - help, Shift-Dir - straight line, f/p - gnoll
Aim: a gnoll, wielding a spear (moderately wounded, chance to defeat MR: 82%)
The gnoll writhes in agony!
The adder bites you.
The gnoll hits you from afar with a spear.
* * * LOW HITPOINT WARNING * * *
The adder barely misses you. The adder bites you but does no damage.
The gnoll closely misses you. The adder bites you but does no damage.
The goblin hits you.
* * * LOW HITPOINT WARNING * * *
The adder closely misses you. The gnoll closely misses you.
The goblin hits you.
* * * LOW HITPOINT WARNING * * *
The adder closely misses you.
The gnoll hits you from afar with a spear.
You die...

###+#####
#...@...#
#....Sg.#
#.....g.#
#.......#
#.......#
#.....$.#
...........!...
#..#...###(.....
##.#... ......


You could see a gnoll, an adder and a goblin.

Vanquished Creatures
  An adder (D:3)
  2 oozes
  A worm (D:2)
  A dart slug (D:1)
  A leopard gecko (D:1)
  4 goblins
  3 hobgoblins
  2 jackals (D:2)
  4 kobolds (D:1)
  A quokka (D:2)
  A ball python (D:2)
  A bat (D:2)
  3 frilled lizards (D:2)
  6 rats
31 creatures vanquished.

Vanquished Creatures (collateral kills)
  A frilled lizard (D:2)
1 creature vanquished.

Grand Total: 32 creatures vanquished

Notes
Turn   | Place    | Note
-------+----------+-------------------------------------------
     0 | D:1      | mrsandman326 the Human Necromancer began the quest for the Orb.
     0 | D:1      | Reached XP level 1. HP: 13/13 MP: 3/3
   349 | D:1      | Reached XP level 2. HP: 14/19 MP: 0/5
   437 | D:1      | Learned a level 1 spell: Animate Skeleton
   878 | D:2      | Reached XP level 3. HP: 21/24 MP: 2/6
   943 | D:2      | Learned a level 3 spell: Vampiric Draining
  2184 | D:3      | Reached XP level 4. HP: 27/30 MP: 5/8
  2194 | D:3      | HP: 1/30 [goblin (3)]
  2195 | D:3      | Mangled by a gnoll

Action                   |  1- 3 |  4- 6 || total
-------------------------+-------+-------++-------
Melee: Unarmed           |    18 |       ||    18
 Cast: Pain              |    58 |     3 ||    61
       Animate Skeleton  |     4 |       ||     4
  Use: Scroll            |     2 |       ||     2
  Eat: Bread ration      |     1 |       ||     1
       Chunk             |     1 |       ||     1
Armor: Robe              |     3 |       ||     3
       Leather armour    |     4 |     3 ||     7
Dodge: Dodged            |    25 |     7 ||    32
